AoeStats
← die trying

Enclosed

506695518Analyzed
1v1 RM · 17d ago on Sep 14, 2026· 22m 7s· 2 players
Game mode
Random Map
Map size
Tiny (2 player)
Population
200
Speed
Normal
Resources
Standard
Victory
Conquest
Starting age
Dark Age
Ending age
Imperial Age
RankedLock teamsTeams togetherTeam positionsShared explorationLock speedFull tech treeHidden civsTurbo modeCheats
Victory
Defeat
🇨🇱 Celts · Chile
1847
+13
🇩🇪 Mongols · Germany
1788
-13
Oldking
1:46 Loom
9:47 Feudal Age
10:07 Man-at-Arms
11:55 Double-Bit Axe
12:59 Arson
23:10 Castle Age
die trying
4:24 Loom
10:16 Feudal Age
14:19 Castle Age
15:16 Town Watch
Connection lost

Rejoining the realm…

Still unreachable

The connection could not be restored.

Session expired

The server has moved on; the page needs a fresh start.